 Dungeon Crawl Stone Soup version 0.27-a0-457-gba82baf56e (webtiles) character file.

Game seed: 7311802657502941380

11774 Morbidden the Reanimator (level 11, 0/88 HPs)
             Began as a Demigod Necromancer on Feb 28, 2021.
             Slain by a wraith (4 damage)
             ... on level 11 of the Dungeon.
             The game lasted 00:19:56 (13306 turns).

Morbidden the Reanimator (Demigod Necromancer)     Turns: 13306, Time: 00:19:56

Health: 0/88       AC: 19    Str: 13    XL:     11   Next: 29%
Magic:  24/27      EV: 14    Int: 29    God:
Gold:   182        SH:  0    Dex: 14    Spells: 18/27 levels left

rFire    + . .     SeeInvis .   e - +4 short sword (speed)
rCold    + + .     Faith    +   (no shield)
rNeg     + . .     Spirit   .   p - +4 Cigotuvi's embrace {rMiasma *Drain rN+}
rPois    .         Reflect  .   (no helmet)
rElec    .         Harm     .   P - +2 cloak "Xosiyph" {rF+ rC- Slay+5}
rCorr    .         Rampage  .   (no gloves)
Will     +....                  s - +0 pair of boots
Stlth    +.........             M - amulet of Moderation {Faith rC+++ Str+4 Stlth-}
HPRegen  0.24/turn              r - +4 ring of protection
MPRegen  0.20/turn              q - +4 ring of protection

@: slowed, very slow
A: high mp 1
a: no special abilities


You were on level 11 of the Dungeon.
You visited 1 branch of the dungeon, and saw 11 of its levels.

You collected 777 gold pieces.
You spent 595 gold pieces at shops.

Inventory:

Hand Weapons
 e - a +4 short sword of speed (weapon)
 I - a +4 dagger
Missiles
 y - 11 boomerangs (quivered)
 z - 4 curare-tipped darts
Armour
 p - the +4 Cigotuvi's embrace (worn) {rMiasma *Drain rN+}
   (You found it on level 10 of the Dungeon)

   It protects you from negative energy.
   It causes draining when unequipped.
 s - a +0 pair of boots (worn)
 P - the +2 cloak "Xosiyph" (worn) {rF+ rC- Slay+5}
   (You bought it in a shop on level 9 of the Dungeon)

   It affects your accuracy and damage with ranged weapons and melee attacks
   (+5).
   It protects you from fire.
   It makes you vulnerable to cold.
Magical Staves
 d - a staff of conjuration
Jewellery
 i - a +6 ring of dexterity
 l - a ring of resist corrosion
 q - a +4 ring of protection (right hand)
 r - a +4 ring of protection (left hand)
 B - a ring of protection from fire
 E - a ring of magical power
 K - a ring of poison resistance
 L - a ring of see invisible
 M - the amulet of Moderation (around neck) {Faith rC+++ Str+4 Stlth-}
   (You found it on level 9 of the Dungeon)

   [amulet of faith]

   It allows you to gain divine favour quickly.
   It affects your strength (+4).
   It renders you almost immune to cold.
   It makes you less stealthy.
Wands
 w - a wand of random effects (35)
 x - a wand of polymorph (2)
 O - a wand of digging (2)
Scrolls
 b - a scroll of magic mapping {unknown}
 c - 5 scrolls of teleportation
 f - 2 scrolls of random uselessness {unknown}
 g - 8 scrolls of identify {unknown}
 h - 2 scrolls of fear {unknown}
 j - 4 scrolls of fog {unknown}
 m - 3 scrolls of enchant armour {unknown}
 o - 2 scrolls of immolation {unknown}
 v - 2 scrolls of enchant weapon
 D - 2 scrolls of amnesia {unknown}
Potions
 a - a potion of attraction
 k - a potion of invisibility
 n - 2 potions of haste
 t - a potion of magic {unknown}
 u - 2 potions of berserk rage
 C - a potion of mutation {unknown}
 F - a potion of degeneration {unknown}
 G - 2 potions of ambrosia {unknown}
 H - 2 potions of lignification
 J - 4 potions of curing
Miscellaneous
 N - a phantom mirror


   Skills:
 * Level 5.2 Fighting
 * Level 6.3 Short Blades
 + Level 2.9 Armour
 * Level 5.8 Dodging
 + Level 2.7 Stealth
 + Level 0.1 Unarmed Combat
 * Level 8.5 Spellcasting
 * Level 10.2 Necromancy


You had 18 spell levels left.
You knew the following spells:

 Your Spells              Type           Power        Failure   Level
a - Pain                  Necr           100%         1%          1
b - Vampiric Draining     Necr           32%          1%          3
c - Agony                 Necr           64%          2%          5

Your spell library contained the following spells:

 Spells                   Type           Power        Failure   Level
 Animate Skeleton         Necr           100%         1%          1
 Animate Dead             Necr           32%          1%          4
 Shock                    Conj/Air       48%          5%          1
 Swiftness                Air            12%          9%          2
 Confusing Touch          Hex            12%          17%         3
 Gell's Gravitas          Tloc           6%           17%         3
 Static Discharge         Conj/Air       12%          17%         3
 Airstrike                Air            6%           50%         4
 Petrify                  Tmut/Erth      12%          50%         4
 Lightning Bolt           Conj/Air       6%           83%         5
 Metabolic Englaciation   Hex/Ice        6%           83%         5
 Yara's Violent Unravell  Hex/Tmut       6%           83%         5


Dungeon Overview and Level Annotations

Branches:
Dungeon (11/15)            Temple (0/1) D:7             Orc (0/2) D:10
   Lair: D:8-11

Shops:
D:9 [

Annotations:
D:10 1 runed translucent door


Innate Abilities, Weirdness & Mutations

You have an increased reservoir of magic. (+10% MP)


Message History

Magic restored.
You climb downwards.
The troll bites you but does no damage. The troll claws you but does no damage.
The troll closely misses you. The wraith closely misses you.
The two-headed ogre barely misses you.
The two-headed ogre hits you but does no damage.
The troll barely misses you.
The troll claws you but does no damage. x2
There is a stone staircase leading up here.
You hit the two-headed ogre.
The two-headed ogre is lightly wounded.
The wraith hits you.
The two-headed ogre hits you with a +0 dire flail!
The two-headed ogre closely misses you.
You hit the two-headed ogre.
The two-headed ogre is lightly wounded.
The troll misses you. The troll closely misses you.
The troll completely misses you.
You puncture the two-headed ogre!
The two-headed ogre is heavily wounded.
The wraith hits you. The wraith drains your vigour!
You feel yourself slow down.
You puncture the two-headed ogre!
The two-headed ogre is severely wounded.
The two-headed ogre hits you with a +0 dire flail!
The two-headed ogre barely misses you. The troll bites you!
The troll claws you! The troll misses you. The wraith hits you!
The wraith drains your vigour!
You feel as though you will be slow longer.
Casting: Vampiric Draining (safe; 1% risk of failure)
Confirm with . or Enter, or press ? or * to list all spells.
Aiming: Vampiric Draining (safe; 1% risk of failure)
Press: ? - help, Shift-Dir - straight line, f - troll
Aim: a troll The troll is moderately wounded.
You feel life coursing into your body. The two-headed ogre barely misses you.
The two-headed ogre hits you with a +0 giant club!!
* * * LOW HITPOINT WARNING * * *
The troll bites you but does no damage. The troll claws you!
* * * LOW HITPOINT WARNING * * *
The troll claws you but does no damage. The wraith hits you.
You die...

.Y..### ##. ##.###....####..
#.....### [. ###.##.......# #
#..#....# ## ..#.....##.#Y###...
.#...$...######.......##.........
.##....................###.#####.
. #####.........#..##)..##.## .
........#)....###.#.....##
#######).(.T[W..(.####...#
#....##@Oc##.Y..###.#
#..#...###Y...##.###.##
#...##.#.# ###..##..##Y.#.# ...##
#.#.# ##..##y...>... ### #.#.#
#Y..#####...# #.#.. #rW#.# .#..
..### #Yrr..# .#.. ......O# .. .
.......... .. .


You could see a two-headed ogre, a yak, a troll, a wraith and a centaur.

Vanquished Creatures
  Snorg (D:10)
  A two-headed ogre (D:8)
  2 death yaks
  Sonja (D:10)
  Pikel (D:7)
  A gargoyle (D:10)
  2 trolls (D:10)
  14 yaks
  Sigmund (D:6)
  Grum (D:10)
  A water moccasin (D:9)
  2 ice beasts
  3 orc warriors
  3 sky beasts
  7 ogres
  3 wolves
  5 centaurs
  3 phantoms (D:6)
  A kobold brigand (D:7)
  Blork the orc (D:4)
  4 bullfrogs
  2 scorpions
  8 killer bees
  6 howler monkeys
  2 bullfrog zombies (D:7)
  3 hounds
  A jelly (D:7)
  2 centaur zombies
  A gnoll shaman (D:10)
  11 orc priests
  A bullfrog skeleton (D:10)
  2 centaur skeletons
  An iguana (D:5)
  10 orc wizards
  8 worker ants
  8 adders
  10 gnolls
  2 river rats
  3 shadow imps
  2 white imps
  2 oozes (D:4)
  3 adder skeletons
  3 dart slugs
  2 worms
  3 leopard geckos
  37 orcs
  3 giant cockroaches
  3 goblins (D:1)
  7 hobgoblins
  4 jackals (D:1)
  3 quokkas
  8 bats
  3 frilled lizards
  23 kobolds
  2 quokka skeletons
  6 rats
253 creatures vanquished.

Vanquished Creatures (others)
  11 fungi (D:3)
  3 toadstools (D:3)
14 creatures vanquished.

Grand Total: 267 creatures vanquished

Notes
Turn   | Place    | Note
-------+----------+-------------------------------------------
     0 | D:1      | Morbidden the Demigod Necromancer began the quest for the
                  | Orb.
     0 | D:1      | Reached XP level 1. HP: 14/14 MP: 5/5
   280 | D:1      | Reached skill level 4 in Necromancy
   358 | D:1      | Reached XP level 2. HP: 17/20 MP: 4/7
   399 | D:1      | Found a hazy altar of Hepliaklqana.
   713 | D:1      | You fall into a shaft and drop 1 floor!
  1090 | D:1      | Reached XP level 3. HP: 21/26 MP: 3/8
  1094 | D:1      | Learned a level 3 spell: Vampiric Draining
  1259 | D:2      | You fall into a shaft and drop 1 floor!
  1860 | D:3      | Reached XP level 4. HP: 5/34 MP: 5/10
  1932 | D:3      | Reached skill level 1 in Fighting
  2437 | D:3      | Reached skill level 5 in Necromancy
  3231 | D:2      | Reached XP level 5. HP: 37/40 MP: 7/11
  4016 | D:4      | Reached XP level 6. HP: 34/47 MP: 12/14
  4340 | D:4      | Reached skill level 6 in Necromancy
  4561 | D:4      | Noticed Blork the orc
  4568 | D:4      | Killed Blork the orc
  4980 | D:5      | Entered Level 5 of the Dungeon
  5107 | D:5      | Reached XP level 7. HP: 53/53 MP: 3/16
  6013 | D:6      | Reached skill level 1 in Short Blades
  6031 | D:6      | Noticed Sigmund
  6040 | D:6      | Killed Sigmund
  6235 | D:6      | Reached XP level 8. HP: 62/62 MP: 0/18
  6329 | D:6      | Reached skill level 7 in Necromancy
  6407 | D:6      | Reached skill level 5 in Spellcasting
  6678 | D:6      | Reached skill level 1 in Armour
  7286 | D:7      | Found a staircase to the Ecumenical Temple.
  8291 | D:7      | Found a radiant altar of Vehumet.
  8617 | D:7      | Noticed Pikel
  8626 | D:7      | Killed Pikel
  8627 | D:7      | Reached skill level 8 in Necromancy
  8627 | D:7      | Reached XP level 9. HP: 70/70 MP: 7/22
  8741 | D:7      | Learned a level 5 spell: Agony
  8840 | D:8      | Found a stormy altar of Qazlal.
  8954 | D:8      | Noticed a two-headed ogre
  8962 | D:8      | Killed a two-headed ogre
  9668 | D:9      | Identified the amulet of Moderation {Faith rC+++ Str+4
                  | Stlth-}
  9736 | D:9      | Reached skill level 9 in Necromancy
 10189 | D:9      | Found a glowing silver altar of Zin.
 10190 | D:9      | Found a shimmering blue altar of Sif Muna.
 10222 | D:9      | Found Tazyama's Armour Shop.
 10286 | D:9      | Bought the +2 cloak "Xosiyph" {rF+ rC- Slay+5} for 595 gold
                  | pieces
 10490 | D:9      | Found an iron altar of Okawaru.
 10528 | D:10     | Entered Level 10 of the Dungeon
 10533 | D:10     | Noticed Snorg
 10570 | D:10     | Reached XP level 10. HP: 69/78 MP: 8/24
 10613 | D:10     | Killed Snorg
 10616 | D:10     | Reached skill level 5 in Dodging
 10826 | D:10     | Reached skill level 5 in Short Blades
 11003 | D:10     | Found the +4 Cigotuvi's embrace {rMiasma *Drain rN+}
 11008 | D:10     | Noticed Sonja
 11037 | D:10     | Noticed Grum
 11575 | D:10     | Killed Grum
 12034 | D:10     | Found a runed translucent door.
 12036 | D:10     | Noticed a sixfirhy
 12117 | D:10     | Found a staircase to the Orcish Mines.
 12362 | D:10     | Killed Sonja
 12709 | D:11     | Reached XP level 11. HP: 77/85 MP: 7/27
 12721 | D:10     | Reached skill level 10 in Necromancy
 12758 | D:10     | Reached skill level 5 in Fighting
 12985 | D:11     | Noticed a death yak
 12987 | D:11     | Noticed a death yak
 12988 | D:11     | Noticed a death yak
 12991 | D:11     | Noticed a two-headed ogre
 13026 | D:11     | Killed a death yak
 13144 | D:10     | Killed a death yak
 13306 | D:11     | HP: 4/88 [troll (9)]
 13306 | D:11     | Slain by a wraith

Illustrated notes

Levels and vault maps discovered:
D:1:      zelgadis_glass_arrival_small, layout_rooms, minmay_hexomino_r4
D:2:      layout_basic
D:3:      layout_loops_ring, minmay_gold_behind_fungi
D:4:      layout_layer_cave, uniq_blork_the_orc
D:5:      layout_loops_ring, corexii_hall_statues_t, nrook_mini_backslash
D:6:      layout_basic, uniq_sigmund
D:7:      layout_basic, marbit_many_paths, minmay_temple_entry_trees, uniq_pikel
D:8:      layout_loops_cross, small_statue_intersection, abandoned_shop,
          nicolae_qazlal_eye_of_the_storm
D:9:      layout_loops_ring, nicolae_overflow_hidden_temple, serial_shops, shop
D:10:     cheibrodos_shockbox, layout_cave_pools, orc_0_dummy,
          hangedman_decor_opposing, uniq_sonja, uniq_grum, uniq_snorg
D:11:     layout_rooms, dpeg_lair_monsters, corexii_hall_statues_deadend

Skill      XL: |  1  2  3  4  5  6  7  8  9 10 11 |
---------------+----------------------------------+-----
Necromancy     | 4 5 6 8 9 10 | 10.2
Spellcasting   | 2 3 4 6 7 8 |  8.5
Fighting       | 1 2 3 4 5 |  5.2
Dodging        | 2 3 4 5 |  5.8
Stealth        | 2 |  2.7
Short Blades   | 1 3 5 6 |  6.3
Armour         | 2 |  2.9
Unarmed Combat | |  0.1

Action                   |  1- 3 |  4- 6 |  7- 9 | 10-12 || total
-------------------------+-------+-------+-------+-------++-------
Melee: Unarmed           |    18 |       |       |       ||    18
       Short sword       |    42 |    44 |   313 |   279 ||   678
Throw: Boomerang         |       |       |     1 |       ||     1
 Cast: Pain              |    53 |    89 |    54 |     3 ||   199
       Vampiric Draining |       |    26 |   100 |    69 ||   195
       Agony             |       |       |     3 |       ||     3
Evoke: Wand              |       |       |     1 |       ||     1
  Use: Potion            |     5 |       |     2 |     7 ||    14
       Scroll            |       |       |       |     4 ||     4
 Stab: Sleeping          |       |       |     1 |       ||     1
       Invisible         |       |       |       |     5 ||     5
Armor: Skin              |    21 |       |       |       ||    21
       Robe              |    12 |    19 |       |       ||    31
       Leather armour    |       |     3 |       |   107 ||   110
       Ring mail         |       |     1 |   152 |    29 ||   182
Dodge: Dodged            |    63 |    47 |   187 |   195 ||   492

Table legend: (Time is in decaauts)
 A = Elapsed time spent in this place.
 B = Non-inter-level travel time spent in this place.
 C = Inter-level travel time spent in this place.
 D = Time resting spent in this place.
 E = Time spent auto-exploring this place.
 F = Levels seen in this place.
 G = Mean time per level.
                   A        B        C        D        E       F      G
               +--------+--------+--------+--------+--------+-----+--------+
         Total |  13054 |  12601 |    453 |   1091 |   9677 |  11 | 1186.7 |
       Dungeon |  13054 |  12601 |    453 |   1091 |   9677 |  11 | 1186.7 |
               +--------+--------+--------+--------+--------+-----+--------+

Top non-repeatable levels by time:
    D:10: 1740 daAuts
     D:7: 1520 daAuts
     D:3: 1495 daAuts
     D:6: 1457 daAuts
     D:9: 1374 daAuts
     D:4: 1155 daAuts
     D:2: 1152 daAuts
     D:1: 1151 daAuts
     D:8: 856 daAuts
     D:5: 753 daAuts
    D:11: 398 daAuts
